Map: [ESL] Gresvan

Players

SpeCial

  • Race: Terran Terran
  • Spawn Location: 5:00

Solar - Winner!

  • Race: Zerg Zerg
  • Spawn Location: 11:00

Event: IEM Katowice 2023

VOD

Have the link to the VOD?

Description

Time

  • Played on: Feb. 10, 2023, 2:15 p.m.
  • Length: 9:03

All games in this series

Show
View Real Time Build Order
Export as new Build Order

SpeCial Terran 

Build Orders: Reaper Expand 

Get SALT Encoding   

  12  0:00  SCV  
  13  0:12  SCV  
  14  0:17  Supply Depot  
  14  0:24  SCV  
  15  0:38  SCV  
  15  0:40  Barracks  
  16  0:42  Refinery  
  16  0:51  SCV  
  17  1:03  SCV  
  18  1:15  SCV  
  19  1:26  Reaper  
  19  1:27  Orbital Command  
  20  1:39  Command Center  
  20  1:48  Supply Depot  
  20  1:52  SCV  
  21  1:58  Marine  
  22  2:04  SCV  
  22  2:07  Factory  
  23  2:16  SCV  
  23  2:18  Refinery  
  23  2:20  Barracks Reactor  
  24  2:28  SCV  
  25  2:40  SCV  
  26  2:53  SCV, Starport  
  26  2:55  Orbital Command  
  27  3:07  Command Center  
  27  3:11  SCV  
  28  3:15  Hellion  
  28  3:18  Hellion  
  28  3:19  Barracks Tech Lab  
  32  3:24  SCV x2  
  34  3:36  SCV x2  
  34  3:38  Hellion  
  34  3:41  Hellion  
  40  3:44  Raven  
  40  3:45  Marine  
  40  3:48  SCV  
  44  3:52  SCV, Supply Depot  
  45  4:00  SCV  
  46  4:13  Marine  
  46  4:14  SCV x2, Hellion x2  
  46  4:15  Supply Depot  
  53  4:19  Raven  
  53  4:20  Orbital Command  
  55  4:26  SCV x2  
  57  4:35  Hellion x2  
  57  4:36  Barracks Tech Lab  
  57  4:38  SCV x2, Supply Depot  
  63  4:43  Orbital Command  
  63  4:50  SCV x2  
  65  4:57  Hellion x2  
  68  5:01  Supply Depot  
  68  5:02  SCV x2  
  70  5:09  Refinery x2  
  70  5:12  Factory  
  70  5:13  SCV  
  70  5:14  Marine, Factory, SCV x2  
  71  5:18  Hellion x2  
  77  5:25  SCV  
  77  5:26  SCV x2  
  72  5:37  SCV  
  72  5:38  SCV x2  
  72  5:40  Hellion  
  71  5:43  Hellion  
  71  5:49  SCV  
  71  5:50  SCV x2  
  72  6:01  SCV, Hellion  
  72  6:03  SCV x2  
  77  6:05  Cyclone  
  77  6:06  Cyclone  
  83  6:13  Mag-Field Accelerator, SCV  
  83  6:15  SCV x2  
  83  6:17  Infernal Pre-Igniter  
  84  6:26  SCV  
  84  6:27  SCV x2, Hellion x2  
  91  6:38  SCV  
  91  6:39  SCV  
  93  6:42  SCV  
  93  6:43  Supply Depot  
  93  6:52  SCV  
  92  6:55  Cyclone  
  92  6:56  SCV, Cyclone  
  92  6:57  Hellion x2  
  98  7:05  SCV  
  98  7:07  SCV  
  89  7:11  SCV  
  74  7:23  SCV  
  74  7:24  SCV  
  74  7:26  SCV  
  74  7:27  Cyclone  
  74  7:28  Cyclone  
  74  7:35  SCV  
  74  7:36  SCV  
  61  7:38  SCV  
  61  7:40  Factory x2  
  62  7:46  Hellion  
  62  7:47  SCV, Liberator, Supply Depot, Hellion  
  62  7:49  SCV  
  62  7:50  SCV  
  72  7:59  SCV  
  72  8:01  SCV  
  72  8:02  SCV  
  75  8:08  Hellion x2  
  75  8:09  Supply Depot  
  75  8:12  SCV  
  80  8:13  SCV  
  80  8:14  SCV  
  80  8:15  Cyclone  
  83  8:24  SCV  
  83  8:25  SCV  
  83  8:26  Factory Tech Lab x2, SCV  
  86  8:29  Hellion x2  
  90  8:36  SCV  
  90  8:37  SCV  
  90  8:38  SCV  
  85  8:48  SCV  
  78  8:49  SCV  
  78  8:51  SCV  
Show
View Real Time Build Order
Export as new Build Order

Solar Zerg - Winner!

Build Orders: Pool First 

Get SALT Encoding   

  12  0:00  Drone  
  13  0:12  Overlord  
  13  0:17  Drone  
  14  0:30  Drone x2  
  14  0:34  Drone  
  17  0:40  Extractor  
  16  0:46  Spawning Pool  
  16  0:49  Drone  
  16  0:55  Drone  
  17  1:15  Hatchery  
  17  1:17  Drone  
  17  1:33  Queen, Zergling x2  
  17  1:38  Drone  
  21  1:45  Metabolic Boost  
  21  1:50  Overlord  
  21  1:55  Zergling x2  
  22  2:08  Queen  
  22  2:11  Drone  
  25  2:17  Drone  
  26  2:24  Drone  
  27  2:30  Zergling x2  
  28  2:38  Drone  
  28  2:40  Zergling x2  
  28  2:43  Drone  
  31  2:45  Hatchery  
  31  2:47  Drone  
  31  2:53  Queen  
  31  2:58  Overlord  
  33  3:01  Drone  
  33  3:03  Drone  
  35  3:07  Drone  
  36  3:17  Drone x5  
  41  3:21  Drone  
  41  3:24  Overlord  
  42  3:28  Drone  
  43  3:34  Roach Warren  
  43  3:38  Drone x2  
  43  3:41  Extractor  
  42  3:43  Queen  
  42  3:46  Drone  
  45  3:51  Drone x3  
  48  3:55  Drone  
  48  4:00  Overlord  
  51  4:04  Overlord  
  51  4:08  Overlord  
  49  4:17  Roach x3  
  49  4:18  Roach  
  49  4:20  Roach x2  
  49  4:22  Roach  
  49  4:23  Roach  
  65  4:26  Zergling x4  
  67  4:32  Zergling x2  
  67  4:34  Zergling x2  
  67  4:35  Zergling x4  
  71  4:39  Ravager  
  71  4:41  Overlord  
  71  4:42  Zergling x4  
  73  4:46  Zergling x4  
  73  4:52  Zergling x8  
  79  4:54  Zergling x2  
  79  4:57  Overlord  
  77  5:03  Zergling x6  
  77  5:07  Zergling x2  
  77  5:11  Zergling x4  
  77  5:13  Zergling x2  
  81  5:17  Zergling x4  
  82  5:22  Zergling x2  
  82  5:23  Zergling x4  
  82  5:28  Zergling x6  
  81  5:29  Ravager  
  81  5:30  Drone  
  81  5:33  Drone  
  81  5:34  Drone  
  78  5:37  Drone  
  78  5:38  Drone  
  78  5:40  Drone  
  78  5:41  Drone  
  78  5:42  Drone  
  74  5:45  Drone  
  74  5:49  Roach x2  
  75  5:51  Roach  
  75  5:54  Roach  
  75  6:01  Roach x3  
  76  6:05  Roach  
  76  6:08  Roach  
  76  6:10  Roach  
  82  6:14  Ravager x2  
  84  6:19  Overlord, Zergling x2  
  84  6:20  Zergling x4  
  84  6:24  Zergling x6  
  87  6:31  Zergling x10  
  92  6:35  Zergling x4  
  92  6:37  Zergling x2  
  94  6:45  Zergling x2  
  94  6:46  Zergling x2  
  88  6:51  Zergling x10  
  88  6:54  Zergling x2  
  89  6:56  Ravager  
  89  6:58  Zergling x4  
  84  7:01  Zergling x2  
  84  7:02  Zergling x2  
  84  7:06  Roach x2  
  82  7:09  Roach  
  82  7:12  Roach  
  82  7:14  Roach  
  78  7:24  Roach x4  
  78  7:25  Roach  
  78  7:29  Roach  
  82  7:32  Roach  
  82  7:36  Drone x3  
  74  7:43  Zergling x4  
  75  7:46  Zergling x4  
  75  7:49  Zergling x4  
  75  7:51  Ravager x2  
  81  7:55  Zergling x2  
  79  8:02  Zergling x8  
  83  8:07  Zergling x6  
  83  8:10  Zergling x4  
  88  8:13  Roach  
  88  8:18  Roach  
  91  8:21  Roach  
  91  8:24  Roach  
  91  8:29  Zergling x2  
  91  8:32  Zergling x2  
  92  8:34  Zergling x4  
  92  8:37  Zergling x2  
  96  8:41  Zergling x4  
  88  8:57  Ravager  

Tags
 
Add a new tag
Caveats
  • Supply blocks, unpowered buildings, or Contaminate may cause inaccurate times.
  • Supply counts are checked every 10 seconds.